 Dungeon Sprint DCSS version 0.29.1-15-g9cfb28693d (webtiles) character file.

Game seed: 6014063475206774283

183 Groucho the Ducker (level 5, -1/24 HPs)
             Began as a Spriggan Earth Elementalist on Feb 22, 2023.
             Was an Initiate of Vehumet.
             Slain by a wraith (12 damage)
             ... in the Dungeon (Sprint IX: "|||||||||||||||||||||||||||||").
             The game lasted 00:02:54 (943 turns).

Groucho the Ducker (Spriggan Earth Elementalist)     Turns: 943, Time: 00:02:55

Health: -1/24      AC:  2    Str:  7    XL:     5   Next: 35%
Magic:  3/15       EV: 22    Int: 19    God:    Vehumet [......]
Gold:   0          SH:  0    Dex: 18    Spells: 14/18 levels left

rFire   . . .      SeeInvis +   k - +2 rapier (distort)
rCold   . . .      Faith    .   (no shield)
rNeg    . . .      Spirit   .   a - +0 robe
rPois   .          Reflect  .   (helmet restricted)
rElec   .          Harm     .   (no cloak)
rCorr   .          Rampage  .   (gloves unavailable)
Will    .....      NoTele   +   (boots unavailable)
Stlth   ++........              (no amulet)
HPRegen 0.08/turn               l - +3 ring of strength
MPRegen 0.14/turn               m - +3 ring of dexterity

@: slowed, invisible (expiring), quick
A: very small, no large weapons, unfitting armour, see invisible, speed 3
a: Renounce Religion


You were in the Dungeon.
You worshipped Vehumet.
Vehumet was noncommittal.
You visited 1 branch

Inventory:

Hand Weapons
 f - a +0 dagger
 k - a +2 rapier of distortion (weapon)
Armour
 a - a +0 robe (worn)
Jewellery
 l - a +3 ring of strength (left hand)
 m - a +3 ring of dexterity (right hand)
Wands
 j - a wand of roots (10)
Scrolls
 g - 2 scrolls of blinking
 i - 2 scrolls of amnesia
Potions
 b - 5 potions of magic
 c - 5 potions of curing
 d - 2 potions of heal wounds
 e - a potion of haste


   Skills:
 + Level 7.9 Dodging
 - Level 3.0 Stealth
 + Level 7.2 Spellcasting
 * Level 2.8 Conjurations
 - Level 1.3 Transmutations
 * Level 6.4 Earth Magic


You had 14 spell levels left.
You knew the following spells:

 Your Spells              Type           Power      Damage    Failure   Level
a - Sandblast             Erth           62%        2d14      1%          1
b - Stone Arrow           Conj/Erth      48%        3d10      4%          3

Your spell library contained the following spells:

 Spells                   Type           Power      Damage    Failure   Level
 Passwall                 Tmut/Erth      17%        N/A       3%          2
 Petrify                  Tmut/Erth      21%        N/A       21%         4


Dungeon Overview and Level Annotations

Branches:
Dungeon (1/1)

Altars:
Cheibriados
Dithmenos
Elyvilon
Fedhas
Gozag
Hepliaklqana
Kikubaaqudgha
Makhleb
Nemelex Xobeh
Okawaru
Qazlal
Ru
Sif Muna
Trog
Uskayaw
Vehumet
Wu Jian
Xom
Yredelemnul
Zin
The Shining One
Jiyva
Lugonu


Innate Abilities, Weirdness & Mutations

You are very small and have problems with some larger weapons.
You are too small for most types of armour.
You have supernaturally acute eyesight. (SInv)
You cover ground extremely quickly. (Speed+++)


Message History

The wraith is severely damaged.
The wraith misses you. x2; The wraith completely misses you.
Unknown command.
Unknown command.
Unknown command.
Casting: Sandblast (safe; 1% risk of failure)
Confirm with . or Enter, or press ? or * to list all spells.
Aiming: Sandblast (safe; 1% risk of failure)
Press: ? - help, Shift-Dir - straight line, f/p - wraith
Aim: a wraith (severely damaged, 84% to hit)
The blast of sand hits the wraith.
The wraith is severely damaged.
The wraith misses you. The wraith completely misses you.
Unknown command.
Unknown command.
Unknown command.
Unknown command.
Casting: Sandblast (safe; 1% risk of failure)
Confirm with . or Enter, or press ? or * to list all spells.
Aiming: Sandblast (safe; 1% risk of failure)
Press: ? - help, Shift-Dir - straight line, f/p - wraith
Aim: a wraith (severely damaged, 84% to hit)
The blast of sand hits the wraith.
The wraith is severely damaged.
The komodo dragon hisses angrily.
The wraith misses you. The wraith completely misses you.
Unknown command.
Unknown command.
Casting: Sandblast (safe; 1% risk of failure)
Confirm with . or Enter, or press ? or * to list all spells.
Aiming: Sandblast (safe; 1% risk of failure)
Press: ? - help, Shift-Dir - straight line, f/p - wraith
Aim: a wraith (severely damaged, 84% to hit)
The blast of sand hits the wraith.
The wraith is almost destroyed.
The komodo dragon hisses angrily.
You flicker for a moment.
The wraith hits you!
Ouch! That really hurt!
You die... ▓▓▓▓▓▓▓▓▓▓▓▓▓▓▓▓▓▓▓▓▓▓▓▓▓ +.cYolxW@.[[[.)..'_______ ▓▓▓▓▓▓▓▓▓▓▓▓▓▓▓▓▓▓▓▓▓▓▓▓▓

You could see a komodo dragon (wandering, unable to see you), a yak (wandering, unable to see you), an unseen horror (invisible), a wraith, an orc warrior (unable to see you) and a centaur (unable to see you).

Vanquished Creatures
  An ice beast (D)
  A scorpion (D)
  3 adders (D)
  A ball python (D)
  An endoplasm (D)
  A hobgoblin (D)
  A kobold (D)
  A bat (D)
10 creatures vanquished.

Notes
Turn   | Place    | Note
-------+----------+-------------------------------------------
     0 | D        | Groucho the Spriggan Earth Elementalist began the quest for
                  | the Orb.
     0 | D        | Reached XP level 1. HP: 9/9 MP: 5/5
   185 | D        | Noticed an ice beast
   185 | D        | Noticed a scorpion
   187 | D        | Reached XP level 2. HP: 13/13 MP: 6/8
   190 | D        | Reached skill level 5 in Dodging
   195 | D        | Killed a scorpion
   196 | D        | Reached skill level 5 in Earth Magic
   196 | D        | Reached XP level 3. HP: 16/16 MP: 0/11
   196 | D        | Reached XP level 4. HP: 21/21 MP: 0/13
   608 | D        | Killed an ice beast
   609 | D        | Reached XP level 5. HP: 21/24 MP: 6/15
   616 | D        | Learned a level 3 spell: Stone Arrow
   877 | D        | Found a snail-covered altar of Cheibriados.
   877 | D        | Found a shadowy altar of Dithmenos.
   877 | D        | Found a white marble altar of Elyvilon.
   877 | D        | Found a blossoming altar of Fedhas.
   877 | D        | Found an opulent altar of Gozag.
   878 | D        | Found a hazy altar of Hepliaklqana.
   879 | D        | Found a viscous altar of Jiyva.
   880 | D        | Found an ancient bone altar of Kikubaaqudgha.
   881 | D        | Found a corrupted altar of Lugonu.
   882 | D        | Found a burning altar of Makhleb.
   883 | D        | Found a sparkling altar of Nemelex Xobeh.
   884 | D        | Found an iron altar of Okawaru.
   885 | D        | Found a stormy altar of Qazlal.
   886 | D        | Found a sacrificial altar of Ru.
   887 | D        | Found a shimmering blue altar of Sif Muna.
   888 | D        | Found a bloodstained altar of Trog.
   889 | D        | Found a hide-covered altar of Uskayaw.
   890 | D        | Found a radiant altar of Vehumet.
   891 | D        | Found an ornate altar of the Wu Jian Council.
   892 | D        | Found a shimmering altar of Xom.
   893 | D        | Found a basalt altar of Yredelemnul.
   894 | D        | Found a glowing silver altar of Zin.
   895 | D        | Found a glowing golden altar of the Shining One.
   898 | D        | Became a worshipper of Vehumet
   925 | D        | Noticed a centaur
   925 | D        | Noticed a yak
   925 | D        | Noticed an orc warrior
   925 | D        | Noticed a komodo dragon
   925 | D        | Noticed an unseen horror
   925 | D        | Noticed a wraith
   936 | D        | HP: 1/24 [wraith (7)]
   943 | D        | Slain by a wraith

Illustrated notes

Levels and vault maps discovered:
D:        linesprint [early_d, line_temple, items_1, d_10, items_2, lair_1,
          lair_end, items_3, orc_1, orc_end, items_4, d_15, swamp_1, shoals_1,
          snake_1, spider_1, d_20, vaults_1, items_5, swamp_end, shoals_end,
          snake_end, spider_end, vaults_end, d_27, items_6, zot_1, zot_end,
          crypt_end, forest_end, elf_end, slime_end, tomb_end, abyss_end,
          pan_hell_end]

Skill      XL: |  1  2  3  4 |
---------------+-------------+-----
Dodging        | 4 6 7 |  7.9
Spellcasting   | 4 6 7 |  7.2
Earth Magic    | 3 5 6 |  6.4
Conjurations   | 2 |  2.8
Stealth        | |  3.0
Transmutations | |  1.3

Action                   |  1- 3 |  4- 6 || total
-------------------------+-------+-------++-------
Melee: Unarmed           |     4 |       ||     4
       Rapier            |       |     1 ||     1
 Cast: Sandblast         |    11 |    21 ||    32
       Stone Arrow       |       |     1 ||     1
  Use: Potion            |     1 |     2 ||     3
 Stab: Sleeping          |       |     1 ||     1
Armor: Robe              |     1 |     1 ||     2
Dodge: Dodged            |    21 |    26 ||    47
